 Dungeon Crawl Stone Soup version 0.31-a0-1469-gd420192249 (webtiles) character file.

Game seed: 14199349034189251472

297580 jasper the Grand Master (level 20, -6/117 HPs)
             Began as a Vine Stalker Fighter on Dec 28, 2023.
             Was the Champion of Wu Jian.
             Killed from afar by a tengu reaver (20 damage)
             ... with a bolt of fire
             ... on level 2 of the Vaults on Dec 29, 2023.
             The game lasted 01:10:42 (33841 turns).

jasper the Grand Master (Vine Stalker Fighter)     Turns: 33841, Time: 01:10:43

Health: -6/117     AC: 26    Str: 23    XL:     20   Next: 94%
Magic:  0/21       EV: 21    Int:  8    God:    Wu Jian [******]
Gold:   3991       SH: 27    Dex: 28    Spells: 19/19 levels left

rFire   + .          .
                       - Unarmed
rCold   + . .        f - +6 tower shield {AC+3}
rNeg    + . .        e - +0 swamp dragon scales
rPois   +            n - +0 helmet
rElec   .            I - +2 cloak {rCorr}
rCorr   +            S - +2 pair of gloves {Stlth+}
SInv    .            K - +3 pair of boots of the Old World {rF+ rN+ Str+3}
Will    ++...        q - amulet of regeneration
Stlth   +++          J - ring "Kuschoumu" {AC+4 Dex+6}
HPRegen 1.99/turn    y - ring of protection from cold
MPRegen 0.17/turn

%: guardian spirit
@: no status effects
A: fangs 3, regeneration 1, magic shield, antimagic bite, no potion heal 2
}: 2/15 runes: decaying, serpentine
a: Renounce Religion, Wall Jump, Serpent's Lash, Heavenly Storm


You were on level 2 of the Vaults.
You worshipped Wu Jian.
Wu Jian was exalted by your worship.
You visited 8 branches of the dungeon, and saw 36 of its levels.
You visited the Abyss 1 time.
You visited 1 bazaar.
You also visited: Sewer, Bailey and Gauntlet.

You collected 6532 gold pieces.
You spent 2541 gold pieces at shops.

Inventory:

Missiles
 a - 2 throwing nets
 g - 20 curare-tipped darts
 D - 9 boomerangs (quivered)
 O - 4 javelins
 W - 15 silver javelins
Armour
 b - a +2 crystal plate armour
 e - +0 swamp dragon scales (worn)
 f - a +6 tower shield of protection (worn)
 n - a +0 helmet (worn)
 I - a +2 cloak of preservation (worn)
 K - the +3 pair of boots of the Old World (worn) {rF+ rN+ Str+3}
   (You acquired it on level 10 of the Dungeon)

   Str+3:     It affects your strength (+3).
   rF+:       It protects you from fire.
   rN+:       It protects you from negative energy.
 S - a +2 pair of gloves of stealth (worn)
Jewellery
 k - a ring of positive energy
 p - a ring of resist corrosion
 q - an amulet of regeneration (around neck)
 y - a ring of protection from cold (right hand)
 J - the ring "Kuschoumu" (left hand) {AC+4 Dex+6}
   (You found it in a bailey)

   [ring of protection]

   AC+4:      It affects your AC (+4).
   Dex+6:     It affects your dexterity (+6).
 T - a ring of wizardry
Talismans
 m - a dragon-blood talisman
Wands
 u - a wand of paralysis (8)
 F - a wand of light (45)
 N - a wand of roots (8)
 X - a wand of digging (24)
Scrolls
 r - 9 scrolls of poison
 x - 5 scrolls of blinking
 z - 8 scrolls of immolation
 A - a scroll of silence
 E - 7 scrolls of revelation
 G - 6 scrolls of fear
 M - 6 scrolls of vulnerability
 P - 18 scrolls of teleportation
 R - 6 scrolls of fog
 U - 2 scrolls of torment
 Y - 3 scrolls of butterflies
Potions
 c - 6 potions of might
 h - 4 potions of magic
 i - 12 potions of curing
 j - 6 potions of mutation
 l - 14 potions of enlightenment
 o - 4 potions of resistance
 s - 4 potions of haste
 t - a potion of ambrosia
 v - a potion of brilliance
 C - 2 potions of berserk rage
 H - 2 potions of lignification
 L - 5 potions of cancellation
 Q - 3 potions of attraction
 V - 4 potions of invisibility
Miscellaneous
 d - a lightning rod (4/4)
 w - a phantom mirror
 B - a phial of floods
 Z - a condenser vane


   Skills:
 + Level 17.2 Fighting
 - Level 2.4 Armour
 - Level 12.3 Dodging
 + Level 12.0 Shields
 O Level 27 Unarmed Combat


You had 19 spell levels left.
You didn't know any spells.
Your spell library contained the following spells:

 Spells                   Type           Power      Damage    Failure   Level
 Foxfire                  Conj/Fire      0%         2x1d4     91%         1
 Freeze                   Ice            0%         1d3       91%         1
 Kiss of Death            Conj/Necr      0%         2d5       91%         1
 Necrotise                Necr           0%         1d4       91%         1
 Summon Small Mammal      Summ           0%         N/A       91%         1
 Call Imp                 Summ           0%         N/A       97%         2
 Cigotuvi's Dreadful Rot  Necr/Alch/Air  0%         N/A       97%         2
 Ensorcelled Hibernation  Hex/Ice        0%         N/A       97%         2
 Jinxbite                 Hex            0%         N/A       97%         2
 Mercury Vapours          Alch/Air       0%         N/A       97%         2
 Frozen Ramparts          Ice            0%         1d1       100%        3
 Hailstorm                Conj/Ice       0%         3d5       100%        3
 Inner Flame              Hex/Fire       0%         N/A       100%        3
 Mephitic Cloud           Conj/Alch/Air  0%         N/A       100%        3
 Ozocubu's Armour         Ice            0%         N/A       100%        3
 Passwall                 Erth           0%         N/A       100%        3
 Summon Ice Beast         Ice/Summ       0%         N/A       100%        3
 Vampiric Draining        Necr           0%         2d6       100%        3
 Volatile Blastmotes      Fire/Tloc      0%         2d10      100%        3
 Anguish                  Hex/Necr       0%         N/A       100%        4
 Animate Armour           Summ/Erth      0%         N/A       100%        4
 Animate Dead             Necr           0%         N/A       100%        4
 Cause Fear               Hex            0%         N/A       100%        4
 Flame Wave               Conj/Fire      0%         2d4       100%        4
 Fulminant Prism          Conj/Alch      0%         3d5       100%        4
 Ignite Poison            Fire/Alch      0%         N/A       100%        4
 Iskenderun's Mystic Bla  Conj/Tloc      0%         2d3       100%        4
 Leda's Liquefaction      Alch/Erth      0%         N/A       100%        4
 Martyr's Knell           Necr/Summ      0%         N/A       100%        4
 Sticky Flame             Fire/Alch      0%         2d4       100%        4
 Summon Lightning Spire   Summ/Air       0%         N/A       100%        4
 Borgnjor's Vile Clutch   Necr/Erth      0%         N/A       100%        5
 Curse of Agony           Necr           0%         N/A       100%        5
 Freezing Cloud           Conj/Ice/Air   0%         6-21      100%        5
 Iskenderun's Battlesphe  Conj           0%         2d6       100%        5
 Lee's Rapid Deconstruct  Erth           0%         3d4*      100%        5
 Summon Forest            Summ/Tloc      0%         N/A       100%        5
 Summon Mana Viper        Hex/Summ       0%         N/A       100%        5
 Yara's Violent Unravell  Hex/Alch       0%         3d3       100%        5
 Bombard                  Conj/Erth      0%         9d1       100%        6
 Death Channel            Necr           0%         N/A       100%        6
 Plasma Beam              Fire/Air       0%         2x1d10    100%        6
 Sculpt Simulacrum        Ice/Alch       0%         N/A       100%        6
 Starburst                Conj/Fire      0%         6d3       100%        6
 Summon Cactus Giant      Summ           0%         N/A       100%        6
 Enfeeble                 Hex            0%         N/A       100%        7
 Malign Gateway           Summ/Tloc      0%         N/A       100%        7
 Ozocubu's Refrigeration  Ice            0%         4d7       100%        7
 Spellforged Servitor     Conj/Summ      0%         N/A       100%        7
 Summon Hydra             Summ           0%         N/A       100%        7
 Ignition                 Fire           0%         3d3       100%        8
 Summon Horrible Things   Summ           0%         N/A       100%        8
 Fire Storm               Conj/Fire      0%         5d1       100%        9
 Polar Vortex             Ice            0%         N/A       100%        9


Dungeon Overview and Level Annotations

Branches:
Dungeon (15/15)            Temple (1/1) D:6            Lair (5/5) D:9
  Swamp (4/4) Lair:3        Snake (4/4) Lair:2        Slime (0/5) Lair:5
    Orc (2/2) D:10            Elf (3/3) Orc:2        Vaults (2/5) D:14
 Depths (0/4) D:15          Sewer (visited)          Bailey (visited)
Gauntlet (visited)
  Crypt: Vaults:2-3

Altars:
Ashenzari
Cheibriados
Dithmenos
Elyvilon
Fedhas
Gozag
Hepliaklqana
Kikubaaqudgha
Makhleb
Nemelex Xobeh
Okawaru
Qazlal
Ru
Sif Muna
Trog
Uskayaw
Vehumet
Wu Jian
Xom
Yredelemnul
Zin
The Shining One
Jiyva

Shops:
Orc:2 ([**   Elf:3 ?(   Snake:2 ?:((=   Snake:3 **

Annotations:
Lair:5 exclusion: obsidian statue
Elf:2 6 runed translucent doors, MrSquiggles's ghost, journeyman DsWn; Veohiq's ghost, adept DECj; Zeothysh's ghost, veteran FoEE


Innate Abilities, Weirdness & Mutations

You have razor-sharp teeth.
Your natural rate of healing is unusually fast.
When hurt, damage is shared between your health and your magic reserves.
Your bite disrupts and absorbs the magic of your enemies.
Potions cannot restore your health.


Message History

You pummel the tengu reaver!!
You kill the tengu reaver!
The Council accepts your kill.
You feel sick.
You are no longer poisoned.
You block the tengu reaver's attack.
The tengu reaver gestures at you while chanting.
The bolt of cold misses you.
You regained 2 hp, and now have 22/117 hp.
You lunge at the vault warden zombie.
You hit the vault warden zombie.
Your bite misses the vault warden zombie.
The vault warden zombie is severely damaged.
You block the tengu reaver's attack.
You regained 2 hp, and now have 24/117 hp.
You punch the vault warden zombie! You bite the vault warden zombie.
You drain its power.
You feel invigorated.
The vault warden zombie is almost destroyed.
The vault warden zombie hits you.
* * * LOW HITPOINT WARNING * * *
You take 3 damage, and have 21/117 hp.
You now have 10/21 mp.
You pummel the vault warden zombie!!
You destroy the vault warden zombie!
The Council accepts your kill.
The tengu reaver hits you from afar with a +1 antimagic glaive!!
* * * LOW HITPOINT WARNING * * *
You feel your power leaking away.
You take 15 damage, and have 6/117 hp.
You now have 0/21 mp.
Okay, then.
Blink to where?
Press: ? - help, Dir - move target
As you read the scroll of blinking, it crumbles to dust.
You regained 2 hp, and now have 8/117 hp.
You close the door.
You regained 2 hp, and now have 10/117 hp.
A tengu reaver opens the door.
You see here a scroll of teleportation.
You regained 2 hp, and now have 12/117 hp.
The tengu reaver casts a spell at you. The bolt of fire hits you!! You resist.
You die...

#..........#...
####+#'#####...
#..†# #...
##### #...#
#... #...#
+...# #### ...#
##'### #...
..######...#
#...
##'##...#...#
#...
#.@.#.:)'...#
#...
#.?.#...#####
#... #...##'###
#.?. ###'##...#
#..)
#####..QQ.?.#
#...
#...'...#[..#
#...
#.).#...##'##
#### #..
######...'...#
#. ## '...#...#


You could see a tengu reaver (repels missiles).

Vanquished Creatures
  Mara (Snake:3)
  Nikola (Swamp:1)
  A tentacled monstrosity (Swamp:2)
  4 deep elf blademasters
  A lich (Abyss:3)
  A quicksilver dragon (Snake:4)
  3 deep elf master archers (Elf:3)
  A sphinx (Vaults:2)
  A tentacled starspawn (Abyss:3)
  A thorn hunter (Swamp:4)
  Frances (Lair:3)
  A tengu reaver (Vaults:2)
  2 fenstrider witches (Swamp:2)
  5 nagarajas
  Aizul (Swamp:1)
  2 emperor scorpions (Abyss:3)
  7 deep elf sorcerers
  A frost giant (Vaults:2)
  3 vault wardens
  5 deep elf elementalists (Elf:3)
  4 ironbound preservers (Vaults:1)
  4 formless jellyfish
  4 deep elf death magi (Elf:3)
  6 ironbound thunderhulks
  4 deep elf annihilators
  5 bunyips
  2 deep elf demonologists (Elf:3)
  An eleionoma (Swamp:4)
  A war gargoyle (Vaults:2)
  A minotaur (Gauntlet)
  6 dire elephants
  A crystal guardian (Vaults:2)
  Snorg (Orc:1)
  5 deep elf high priests (Elf:3)
  4 yaktaur captains (Vaults:1)
  A shambling mangrove (Swamp:4)
  A salamander tyrant (Snake:2)
  6 great orbs of eyes
  A peacekeeper (Vaults:2)
  2 rakshasas (D:15)
  13 hydras
  6 anacondas
  A catoblepas (D:13)
  8 vault guards
  2 ogre magi (Orc:2)
  3 ghost crabs
  2 ironbound frosthearts
  15 centaur warriors
  12 two-headed ogres
  4 alligators
  5 boulder beetles
  13 dancing weapons
  10 naga warriors
  4 death yaks (Lair:5)
  2 demonic crawlers (Abyss:3)
  A death scarab (Abyss:3)
  3 tengu warriors
  2 occultists
  6 shock serpents
  An orc high priest (Orc:2)
  Urug (D:11)
  14 naga sharpshooters
  10 spriggans
  A spriggan berserker (Swamp:4)
  A wretched star (Gauntlet)
  2 spectral dire elephants (Lair:5)
  2 spectral death yaks (Lair:5)
  8 deep elf knights
  2 salamander mystics (Snake:3)
  A spectral anaconda (Lair:5)
  3 skysharks (Lair:5)
  4 goliath frogs
  19 deep trolls
  4 sea snakes (Snake:4)
  5 naga ritualists
  5 bog bodies
  5 spriggan druids
  6 ironbound convokers
  4 lindwurms
  4 arcanists
  11 swamp dragons
  2 orc knights
  4 harpies (Vaults:1)
  6 necromancers
  25 deep elf pyromancers
  20 deep elf zephyrmancers
  A wolf spider zombie (D:15)
  2 orc sorcerers
  12 deep elf archers
  13 ugly things
  10 mana vipers
  15 salamanders
  15 elephants
  A manticore (D:11)
  2 cyclopes (Orc:2)
  2 will-o-the-wisps
  3 meliai (D:15)
  A worldbinder (Gauntlet)
  Joseph (D:8)
  A kobold blastminer (Orc:2)
  34 black mambas
  A vault sentinel (Vaults:2)
  10 naga magi
  12 slime creatures
  7 guardian serpents
  A stone giant skeleton (Vaults:2)
  A dire elephant skeleton (Lair:5)
  A gargoyle (D:13)
  Maggie (D:7)
  A hellion (Swamp:3)
  3 rime drakes
  A centaur skeleton (D:15)
  8 komodo dragons
  3 kobold demonologists
  3 torpor snails
  11 cane toads
  8 yaktaurs
  An efreet (D:15)
  Psyche (D:10)
  3 freezing wraiths
  3 polar bears
  2 tengu conjurers
  A queen bee (Lair:3)
  10 trolls
  2 human zombies (Vaults:2)
  A harpy zombie (D:15)
  A bloated husk (Swamp:3)
  11 blink frogs
  6 tyrant leeches
  19 hornets
  A spectral elephant (Lair:5)
  A centaur simulacrum (D:15)
  An air elemental (Elf:2)
  A ynoxinul (Abyss:3)
  A spriggan (shapeshifter) (D:14)
  16 humans (D:14)
  A water elemental (Elf:2)
  39 yaks
  A human (shapeshifter) (D:14)
  Grum (D:8)
  3 wyverns
  3 wargs
  7 fire elementals
  14 vampire mosquitoes
  A neqoxec (Gauntlet)
  A hog (shapeshifter) (D:13)
  A steam dragon (D:6)
  2 death yak simulacra (Lair:5)
  2 spectral cane toads (Lair:5)
  2 chaos spawn (Abyss:3)
  41 nagas
  16 swamp worms
  A glowing shapeshifter zombie (Vaults:2)
  13 water moccasins
  Duvessa (D:7)
  A naga skeleton (Abyss:3)
  14 orc warriors
  10 swamp drakes (Swamp:4)
  2 sky beasts
  5 black bears
  A black bear (shapeshifter) (D:14)
  11 boggarts
  3 elephant zombies (Lair:5)
  5 small abominations (Abyss:3)
  25 ogres
  7 centaurs
  31 wolves
  An elephant skeleton (Lair:5)
  3 kobold brigands
  11 bullfrogs
  2 gnoll sergeants
  21 scorpions
  3 cane toad simulacra (Lair:5)
  4 wights (D:7)
  Dowan (D:7)
  35 killer bees
  3 elephant simulacra (Lair:5)
  4 electric eels
  7 howler monkeys
  A bombardier beetle (D:5)
  12 orc priests
  10 hounds
  3 jellies
  A sleepcap (D:6)
  A boggart zombie (D:15)
  8 iguanas
  Natasha (thrice) (D:2)
  15 orc wizards
  7 hell rats
  A mummy (D:4)
  Robin (D:2)
  18 gnolls
  A river rat (shapeshifter) (Abyss:3)
  3 river rats
  6 adders
  A shadow imp (Gauntlet)
  A white imp (Gauntlet)
  3 ufetubi
  2 worms
  59 orcs
  7 ball pythons
  2 ball pythons (shapeshifter) (Abyss:3)
  A bat (shapeshifter) (Abyss:3)
  5 bats
  12 endoplasms
  8 giant cockroaches
  2 giant cockroaches (shapeshifter) (Abyss:3)
  14 goblins
  11 hobgoblins
  4 jackals (D:2)
  A quokka (D:2)
  A frilled lizard (shapeshifter) (Abyss:3)
  A frilled lizard (D:1)
  18 kobolds
  A kobold (shapeshifter) (Abyss:3)
  A rat (shapeshifter) (Abyss:3)
  14 rats
1272 creatures vanquished.

Vanquished Creatures (others)
  A deep elf knight (Elf:1)
  A goliath frog (Swamp:3)
  A deep elf pyromancer (Elf:2)
  2 deep elf zephyrmancers
  A bloated husk (Swamp:1)
  A hornet (Swamp:3)
  A chaos spawn (Abyss:3)
  2 foxfires (Swamp:4)
10 creatures vanquished.

Grand Total: 1282 creatures vanquished

Notes
Turn   | Place    | Note
-------+----------+-------------------------------------------
     0 | D:1      | jasper the Vine Stalker Fighter began the quest for the
                  | Orb.
     0 | D:1      | Reached XP level 1. HP: 11/11 MP: 2/2
    66 | D:1      | Reached XP level 2. HP: 16/16 MP: 3/3
   297 | D:1      | You fall into a shaft and drop 1 floor!
   868 | D:2      | Reached XP level 3. HP: 19/19 MP: 4/4
   956 | D:2      | Noticed Robin
   983 | D:2      | Killed Robin
   985 | D:2      | Reached skill level 1 in Dodging
   985 | D:2      | Reached skill level 3 in Unarmed Combat
  1048 | D:2      | Noticed Natasha
  1052 | D:2      | Reached XP level 4. HP: 24/24 MP: 5/5
  1064 | D:2      | Killed Natasha
  1066 | D:2      | Noticed Natasha
  1077 | D:2      | Killed Natasha
  1307 | D:2      | Noticed Natasha
  1316 | D:2      | Reached XP level 5. HP: 28/28 MP: 6/6
  1324 | D:2      | Killed Natasha
  1953 | D:3      | Reached skill level 4 in Unarmed Combat
  2039 | D:3      | Found a glowing drain.
  2053 | Sewer    | Entered a sewer
  2063 | Sewer    | Reached XP level 6. HP: 32/32 MP: 7/7
  2865 | D:4      | Noticed a black bear
  2877 | D:4      | Killed a black bear
  2926 | D:4      | Found a snail-covered altar of Cheibriados.
  2934 | D:4      | Reached XP level 7. HP: 31/37 MP: 8/8
  3229 | D:5      | Entered Level 5 of the Dungeon
  3234 | D:5      | Reached skill level 5 in Unarmed Combat
  3487 | D:5      | Gained mutation: You have razor-sharp teeth. [Vine Stalker
                  | growth]
  3487 | D:5      | Reached XP level 8. HP: 42/42 MP: 9/9
  3513 | D:5      | Reached skill level 6 in Unarmed Combat
  3784 | D:5      | Reached skill level 5 in Fighting
  3792 | D:5      | Reached skill level 7 in Unarmed Combat
  4239 | D:6      | Reached XP level 9. HP: 46/47 MP: 10/10
  4336 | D:6      | Noticed a two-headed ogre
  4344 | D:6      | Killed a two-headed ogre
  4345 | D:6      | Reached skill level 8 in Unarmed Combat
  4596 | D:6      | Found a staircase to the Ecumenical Temple.
  4633 | D:6      | Found a shadowy altar of Dithmenos.
  4683 | Temple   | Entered the Ecumenical Temple
  4715 | Temple   | Became a worshipper of the Wu Jian Council
  4855 | D:6      | Reached skill level 9 in Unarmed Combat
  5172 | D:7      | Reached skill level 5 in Dodging
  5331 | D:7      | Noticed Dowan
  5340 | D:7      | Killed Dowan
  5749 | D:8      | Reached XP level 10. HP: 27/53 MP: 10/11
  5906 | D:8      | Noticed Grum
  5911 | D:8      | Reached * piety under Wu Jian
  5918 | D:8      | HP: 1/53 [Grum/-2 spear of venom (5)]
  5919 | D:8      | Killed Grum
  5922 | D:8      | Reached skill level 10 in Unarmed Combat
  6062 | D:8      | Noticed Joseph
  6079 | D:8      | Killed Joseph
  6326 | D:8      | Found a radiant altar of Vehumet.
  6455 | D:8      | Found a burning altar of Makhleb.
  6458 | D:8      | Found a hide-covered altar of Uskayaw.
  6458 | D:8      | Found a shimmering altar of Xom.
  6460 | D:8      | Found an opulent altar of Gozag.
  6460 | D:8      | Found a stormy altar of Qazlal.
  6460 | D:8      | Found a glowing golden altar of the Shining One.
  6798 | D:9      | Found a blossoming altar of Fedhas.
  6925 | D:9      | Found a staircase to the Lair.
  7255 | D:9      | Found a hide-covered altar of Uskayaw.
  7301 | D:9      | Reached skill level 11 in Unarmed Combat
  7666 | D:10     | Entered Level 10 of the Dungeon
  7704 | D:10     | Noticed a centaur warrior
  7719 | D:10     | Killed a centaur warrior
  7722 | D:10     | Reached XP level 11. HP: 38/60 MP: 12/12
  7737 | D:10     | Found a staircase to the Orcish Mines.
  7737 | D:10     | Reached ** piety under Wu Jian
  7776 | D:10     | Found a flagged portal.
  7837 | Bailey   | Entered a bailey
  7894 | Bailey   | Noticed an orc knight
  7895 | Bailey   | Found a large runed translucent door.
  7895 | Bailey   | Found a large runed translucent door.
  7899 | Bailey   | Noticed a deep elf zephyrmancer
  7920 | Bailey   | Killed an orc knight
  7928 | Bailey   | Reached skill level 12 in Unarmed Combat
  8073 | Bailey   | Killed a deep elf zephyrmancer
  8081 | Bailey   | Identified the ring "Kuschoumu" {AC+4 Dex+6}
  8373 | D:10     | Paralysed by a hornet for 3 turns
  8676 | D:10     | Identified a scroll of acquirement
  8676 | D:10     | Acquired the +3 pair of boots of the Old World {rF+ rN+
                  | Str+3}
  8684 | D:10     | Noticed Psyche
  8690 | D:10     | Killed Psyche
  8725 | D:10     | Found an iron altar of Okawaru.
  8895 | D:11     | Noticed Urug
  9046 | D:11     | Killed Urug
  9064 | D:11     | Noticed a two-headed ogre
  9070 | D:11     | Killed a two-headed ogre
  9105 | D:11     | Noticed a boulder beetle
  9133 | D:11     | Killed a boulder beetle
  9292 | D:11     | Noticed a centaur warrior
  9295 | D:11     | Killed a centaur warrior
  9296 | D:11     | Reached skill level 13 in Unarmed Combat
  9423 | D:11     | Identified the +2 ring mail of Lilacs {rF+ rN+ Dex+2}
  9570 | D:11     | Noticed a manticore
  9578 | D:11     | Killed a manticore
  9802 | D:12     | Noticed a two-headed ogre
  9810 | D:12     | Killed a two-headed ogre
  9811 | D:12     | Reached XP level 12. HP: 36/66 MP: 13/13
 10142 | D:7      | Noticed Duvessa
 10148 | D:7      | Killed Duvessa
 10250 | D:7      | Noticed Maggie
 10262 | D:7      | Killed Maggie
 10487 | D:7      | Reached *** piety under Wu Jian
 10681 | Lair:1   | Entered Level 1 of the Lair of Beasts
 10783 | Lair:1   | Reached skill level 14 in Unarmed Combat
 11021 | Lair:1   | You fall into a shaft and drop 1 floor!
 11349 | Lair:1   | Reached skill level 10 in Fighting
 11978 | Lair:2   | Noticed a seven-headed hydra
 11994 | Lair:2   | Killed a seven-headed hydra
 11994 | Lair:2   | Reached **** piety under Wu Jian
 12197 | Lair:2   | Found a staircase to the Snake Pit.
 12213 | Lair:2   | Reached XP level 13. HP: 72/72 MP: 14/14
 12502 | Lair:3   | Reached skill level 15 in Unarmed Combat
 12708 | Lair:3   | Found a staircase to the Swamp.
 13172 | Lair:4   | Reached ***** piety under Wu Jian
 13585 | Lair:5   | Entered Level 5 of the Lair of Beasts
 13618 | Lair:5   | Reached skill level 16 in Unarmed Combat
 13651 | Lair:5   | Found a gate leading to a gauntlet.
 13659 | Gauntlet | Entered a Gauntlet
 13659 | Gauntlet | Found a transporter.
 13667 | Gauntlet | Found a transporter.
 13670 | Gauntlet | Found a transporter.
 13671 | Gauntlet | Found a transporter.
 13682 | Gauntlet | Found a transporter.
 13682 | Gauntlet | Found a transporter.
 13683 | Gauntlet | Found a transporter.
 13687 | Gauntlet | Found a runed translucent door.
 13768 | Gauntlet | Identified the +6 morningstar of the Indestructible God
                  | {spect, rC+ SInv Stlth-}
 13771 | Gauntlet | Found a runed translucent door.
 13773 | Gauntlet | Found a transporter.
 13773 | Gauntlet | Found a transporter.
 13773 | Gauntlet | Found a transporter.
 13787 | Gauntlet | Found a transporter.
 13788 | Gauntlet | Found a transporter.
 13788 | Gauntlet | Found a transporter.
 13794 | Gauntlet | Found a runed translucent gate.
 13794 | Gauntlet | Found a runed translucent gate.
 13794 | Gauntlet | Found a runed translucent gate.
 13796 | Gauntlet | Found a transporter.
 13860 | Gauntlet | Noticed a minotaur
 13870 | Gauntlet | Killed a minotaur
 13902 | Gauntlet | Identified the -1 pair of gloves of the Taurataur {rC- rN+
                  | MP+9 Str+3}
 13902 | Gauntlet | Identified the +4 short sword of the Heavens {flame, Str+2}
 13944 | Lair:5   | Reached skill level 10 in Dodging
 13986 | Lair:5   | Reached XP level 14. HP: 79/79 MP: 15/15
 13986 | Lair:5   | Found a viscous altar of Jiyva.
 14079 | Lair:5   | Found a staircase to the Slime Pits.
 14319 | Lair:5   | Reached skill level 17 in Unarmed Combat
 14574 | Lair:5   | Noticed a dire elephant
 14574 | Lair:5   | Noticed a dire elephant
 14878 | Lair:5   | Killed a dire elephant
 14892 | Lair:5   | Killed a dire elephant
 15408 | Orc:1    | Entered Level 1 of the Orcish Mines
 15428 | Orc:1    | Noticed Snorg
 15433 | Orc:1    | Killed Snorg
 15917 | Orc:2    | Entered Level 2 of the Orcish Mines
 15989 | Orc:2    | Reached skill level 18 in Unarmed Combat
 16005 | Orc:2    | Reached XP level 15. HP: 85/85 MP: 16/16
 16015 | Orc:2    | Found Efyxt's Weapon Boutique.
 16018 | Orc:2    | Found Isem's Antique Armour Boutique.
 16026 | Orc:2    | Found Gizur's General Store.
 16032 | Orc:2    | Found Bebb's Assorted Antiques.
 16061 | Orc:2    | Bought a scroll of fog for 120 gold pieces
 16061 | Orc:2    | Bought a scroll of teleportation for 90 gold pieces
 16066 | Orc:2    | Bought a potion of haste for 150 gold pieces
 16331 | Orc:2    | Found a staircase to the Elven Halls.
 18011 | D:14     | Reached skill level 19 in Unarmed Combat
 18070 | D:14     | Found a gate to the Vaults.
 18284 | D:15     | Entered Level 15 of the Dungeon
 18308 | D:15     | Reached ****** piety under Wu Jian
 18391 | Abyss:3  | Cast into level 3 of the Abyss (an occultist)
 18393 | Abyss:3  | Found a corrupted altar of Lugonu.
 18417 | Abyss:3  | Noticed an emperor scorpion
 18417 | Abyss:3  | Noticed an emperor scorpion
 18444 | Abyss:3  | Noticed a lich
 18446 | Abyss:3  | Killed a lich
 18479 | Abyss:3  | Reached XP level 16. HP: 91/91 MP: 17/17
 18485 | Abyss:3  | Noticed a tentacled starspawn
 18489 | Abyss:3  | Killed a tentacled starspawn
 18527 | D:15     | Escaped the Abyss
 18570 | D:15     | Reached skill level 20 in Unarmed Combat
 18825 | D:15     | Found a sparkling altar of Nemelex Xobeh.
 19085 | D:15     | Found a staircase to the Depths.
 19490 | Elf:1    | Entered Level 1 of the Elven Halls
 19854 | Elf:1    | Reached skill level 5 in Shields
 20370 | Elf:2    | Paralysed by an air elemental for 1 turns
 20374 | Elf:2    | Found a runed translucent gate.
 20375 | Elf:2    | Found a runed translucent gate.
 20376 | Elf:2    | Paralysed by an air elemental for 1 turns
 21603 | Swamp:1  | Entered Level 1 of the Swamp
 21603 | Swamp:1  | Noticed Frances
 21793 | Lair:3   | Killed Frances
 21853 | Swamp:1  | Reached XP level 17. HP: 86/97 MP: 15/18
 22010 | Swamp:1  | Reached skill level 21 in Unarmed Combat
 22268 | Swamp:1  | Identified the serpent talisman "Ugacagur" {rF- Dex+6}
 22268 | Swamp:1  | Noticed Aizul
 22268 | Swamp:1  | Noticed Nikola
 22277 | Swamp:1  | Killed Aizul
 22283 | Swamp:1  | Killed Nikola
 22747 | Swamp:2  | Identified the +3 falchion "Xezxogol" {flame, Str+4 Int+4
                  | Dex+6}
 22795 | Swamp:2  | Paralysed by a fenstrider witch for 3 turns
 23213 | Swamp:3  | Found a transporter.
 23238 | Swamp:3  | Found a transporter.
 23265 | Swamp:3  | Got the Collected Works on the Congregation
 23332 | Swamp:3  | Noticed a tentacled monstrosity
 23355 | Swamp:2  | Killed a tentacled monstrosity
 23570 | Swamp:3  | Found a broken altar of Ashenzari.
 23870 | Swamp:3  | Identified the +0 pair of boots of Ignis's Benevolence
                  | {Harm Regen+ Str+2}
 23872 | Swamp:3  | Identified the ring of Upil {Ice Will+ Str-3 Int+4}
 23884 | Swamp:4  | Entered Level 4 of the Swamp
 24612 | Swamp:4  | Reached skill level 15 in Fighting
 24622 | Swamp:4  | Reached skill level 22 in Unarmed Combat
 24669 | Swamp:4  | Acquired a +2 heavy trident
 24670 | Swamp:4  | Acquired 732 gold pieces
 24724 | Swamp:4  | Got a decaying rune of Zot
 25144 | Snake:1  | Entered Level 1 of the Snake Pit
 25186 | Snake:1  | Found a flickering gateway to a bazaar.
 25201 | Snake:1  | Reached XP level 18. HP: 104/104 MP: 19/19
 25217 | Bazaar   | Entered a bazaar
 25217 | Bazaar   | Found Zucireh's Antique Weapon Shop.
 25217 | Bazaar   | Found Esahepue's Antique Armour Shop.
 25259 | Bazaar   | Found Bonicuna's General Store.
 25267 | Bazaar   | Bought a potion of haste for 150 gold pieces
 25267 | Bazaar   | Bought a scroll of teleportation for 45 gold pieces
 25267 | Bazaar   | Bought a scroll of blinking for 112 gold pieces
 25280 | Bazaar   | Bought a pair of runed gloves for 202 gold pieces
 25280 | Bazaar   | Bought a shiny tower shield for 202 gold pieces
 25437 | Snake:1  | Found a basalt altar of Yredelemnul.
 26357 | Snake:2  | Found Xiov's Jewellery Emporium.
 26516 | Snake:2  | Found Toorch's Antique Weapon Shop.
 26576 | Snake:2  | Found Runetime's Book Boutique.
 26585 | Snake:2  | Found Ullus's Magic Scroll Boutique.
 26615 | Snake:2  | Bought a scroll of fog for 48 gold pieces
 26615 | Snake:2  | Bought a scroll of fear for 48 gold pieces
 26615 | Snake:2  | Bought a scroll of blinking for 90 gold pieces
 26622 | Snake:2  | Found the +5 demon whip "Spellbinder" {antimagic, disrupt,
                  | Will+}
 26627 | Snake:2  | Identified the +4 great sword of the Elven Halls {drain,
                  | rElec rF++ rC- Str+3}
 26644 | Snake:2  | Got Diumedoi's Papyrus of Tephra and Firn
 26772 | Snake:2  | Found Ubroulej's Weapon Boutique.
 26854 | Snake:2  | Found a hazy altar of Hepliaklqana.
 27252 | Snake:3  | Noticed Mara
 27289 | Snake:3  | Noticed jasper's illusion
 27290 | Snake:3  | Killed Mara
 27291 | Snake:3  | Reached skill level 23 in Unarmed Combat
 27876 | Snake:3  | Found Haparoi's Assorted Antiques.
 27884 | Snake:3  | Bought a potion of curing for 63 gold pieces
 27884 | Snake:3  | Bought a scroll of immolation for 84 gold pieces
 27884 | Snake:3  | Found Odudont's General Store.
 27890 | Snake:3  | Bought a scroll of enchant armour for 82 gold pieces
 27890 | Snake:3  | Bought a storm talisman for 880 gold pieces
 28472 | Snake:4  | Entered Level 4 of the Snake Pit
 28569 | Snake:4  | Reached skill level 24 in Unarmed Combat
 28751 | Snake:4  | Reached XP level 19. HP: 101/109 MP: 14/20
 29174 | Snake:4  | Reached skill level 10 in Shields
 29303 | Snake:4  | Got a serpentine rune of Zot
 29939 | Elf:2    | Found a runed translucent gate.
 29940 | Elf:2    | Found a runed translucent gate.
 29941 | Elf:2    | Found a runed translucent gate.
 30017 | Elf:2    | Found a huge runed translucent gate.
 30017 | Elf:2    | Found a huge runed translucent gate.
 30018 | Elf:2    | Found a huge runed translucent gate.
 30019 | Elf:2    | Found a huge runed translucent gate.
 30019 | Elf:2    | Found a huge runed translucent gate.
 30019 | Elf:2    | Found a huge runed translucent gate.
 30019 | Elf:2    | Found a huge runed translucent gate.
 30019 | Elf:2    | Found a huge runed translucent gate.
 30019 | Elf:2    | Found a huge runed translucent gate.
 30019 | Elf:2    | Found a huge runed translucent gate.
 30019 | Elf:2    | Found a huge runed translucent gate.
 30020 | Elf:2    | Found a huge runed translucent gate.
 30020 | Elf:2    | Found a huge runed translucent gate.
 30020 | Elf:2    | Found a huge runed translucent gate.
 30020 | Elf:2    | Found a huge runed translucent gate.
 30020 | Elf:2    | Found a huge runed translucent gate.
 30020 | Elf:2    | Found a huge runed translucent gate.
 30023 | Elf:2    | Found a huge runed translucent gate.
 30023 | Elf:2    | Found a huge runed translucent gate.
 30023 | Elf:2    | Found a huge runed translucent gate.
 30298 | Elf:2    | Found a runed translucent gate.
 30299 | Elf:2    | Noticed MrSquiggles's ghost (journeyman DsWn)
 30300 | Elf:2    | Noticed Zeothysh's ghost (veteran FoEE)
 30301 | Elf:2    | Noticed Veohiq's ghost (adept DECj)
 30655 | Elf:2    | Reached skill level 25 in Unarmed Combat
 30764 | Elf:3    | Entered Level 3 of the Elven Halls
 30885 | Elf:3    | Found Rucyrgh Douxu's Magic Scroll Emporium.
 30888 | Elf:3    | Bought a scroll of teleportation for 39 gold pieces
 30888 | Elf:3    | Bought a scroll of teleportation for 39 gold pieces
 30888 | Elf:3    | Bought a scroll of revelation for 97 gold pieces
 31168 | Elf:3    | Found Kunuuph's Antique Weapon Shop.
 31575 | Elf:3    | Reached XP level 20. HP: 94/116 MP: 18/21
 31629 | Elf:3    | Identified the +9 orcbow "Maiwkin" {flame, Dex+4}
 31678 | Elf:3    | Identified the amulet of the Kitsune {RegenMP rPois Int+2}
 31688 | Elf:3    | Got the Spellbook of Confrontation and Incandescence
 31704 | Elf:3    | Identified the +3 morningstar of Huan {protect, Will-
                  | Int+7}
 31709 | Elf:3    | Got the Volume of Chilblains and the Charnel House
 31723 | Elf:3    | Got the Commentary on the Amassed Panacea
 31758 | Elf:3    | Identified the +0 leather armour "Zimoacin" {Dex+4}
 31760 | Elf:3    | Identified the +2 morningstar "Yrazes" {flame, Str+7 SInv}
 32087 | Vaults:1 | Entered Level 1 of the Vaults
 32437 | Vaults:1 | Reached skill level 26 in Unarmed Combat
 32549 | Vaults:1 | Identified the +0 robe of Ytioraon {rPois Str-3 Int+3}
 33667 | Vaults:2 | Reached skill level 27 in Unarmed Combat
 33841 | Vaults:2 | Killed from afar by a tengu reaver

Illustrated notes

Levels and vault maps discovered:
D:1:      lightli_arrival_lavapool, layout_basic, due_unseen_surprise
D:2:      layout_basic, serial_rivers, chequers_serial_rivers_small_a,
          chequers_serial_rivers_micro_a, chequers_serial_rivers_small_3,
          chequers_serial_rivers_micro_b, chequers_serial_rivers_marsh,
          uniq_natasha, uniq_robin
D:3:      layout_loops_cross, mainiacjoe_sewer_entry_somewhere_in_here_1
D:4:      layout_cave_pools, slow_altar_1
D:5:      layout_basic, minmay_fractal_squares_5
D:6:      layout_basic, amcnicky_altar_gilded, temple_statues
D:7:      layout_basic, st_stairs_12, nicolae_titane, uniq_maggie, uniq_duvessa
D:8:      layout_basic, doesnt_xom_only_xom, lemuel_tele_altar, uniq_grum,
          uniq_joseph
D:9:      layout_roguey, mainiacjoe_overflow_boulevard,
          nicolae_uskayaw_murder_on_the_dancefloor, erik_lair_orcish_takeover,
          serial_glass, glass_columns_a, glass_columns_c, glass_columns_a,
          glass_columns_a, glass_columns_b, glass_columns_a, glass_columns_a,
          glass_columns_b, hangedman_abyss_or_decor_stabs,
          hangedman_decor_clover_reticule, grunt_decor_arrowhead
D:10:     layout_basic, okawaru_ov_weapons_minmay, david_orc_3, enter_bailey_8,
          serial_curves, eino_curves_04, eino_curves_01, minmay_microvault,
          uniq_psyche
D:11:     layout_gridville, uniq_urug
D:12:     layout_irregular_city, uniq_josephine
D:13:     layout_loops_cross
D:14:     layout_loops_ring, grunt_vaults_entry_tiered,
          nicolae_figureground_pulse
D:15:     grunt_enter_depths_magical_seal, layout_irregular_city,
          nemelex_altar_shiori
Temple:   regret_index_temple_generic_petals
Lair:1:   layout_concentric_octagons, fungi_pond_lemuel, serial_bayou_lake_a
Lair:2:   layout_regular_city, guppyfry_snake_entry_garden
Lair:3:   regret_index_combs_of_tragedy, layout_chaotic_city,
          minmay_swamp_entry_reptiles, minmay_stone_trees_small,
          grunt_megastairs_4
Lair:4:   layout_regular_city
Lair:5:   due_jungle_book, layout_gridlike, slime_entry_2,
          gauntlet_entry_generic
Swamp:1:  layout_basic_swamp, evilmike_swamp_ruin_house_1, swamp_pool_4,
          nicolae_swamp_long_stream, infiniplex_staircase_pool, uniq_frances,
          uniq_aizul, uniq_nikola
Swamp:2:  layout_falls_marsh, hangedman_swamp_ruin_wall,
          infiniplex_staircase_pool_2, nicolae_swamp_decorative_isthmus
Swamp:3:  gammafunk_worm_tunnel, layout_falls_marsh, nicolae_swamp_godswood
Swamp:4:  swamp_basic_johnstein, layout_basic_swamp, nicolae_swamp_tree_isthmus
Snake:1:  layout_chambers, special_room, serial_shops, bzr_entry_gold,
          basic_altar
Snake:2:  layout_rooms, serial_shops, nicolae_shop_scrapyard,
          nicolae_shop_statue_plus, nicolae_shop_back_alley_shop, shop, shop,
          basic_altar, fake_guardian_serpent_vault, serial_bayou_shore_b
Snake:3:  layout_chambers, drop_trap, minmay_shoptagon, uniq_mara
Snake:4:  hellmonk_snake_rune_quicksilver_temple, layout_concentric_octagons,
          guppyfry_snake_island
Orc:1:    layout_diamond_mine, nicolae_orc_lost_temple, uniq_snorg
Orc:2:    st_orc_open, layout_diamond_mine
Elf:1:    elf_arrival_002, layout_geoelf_grid, hangedman_elf_disciples
Elf:2:    elven_hall_of_blades_hangedman_original [mumra_blade_entry_bloodbath],
          layout_loops_cross, gammafunk_ghost_cemetery, hangedman_elf_represent
Elf:3:    minmay_elf_hall_furrowed, layout_geoelf_diagonals, serial_shops,
          nicolae_shop_crystal, nicolae_shop_rolled_up,
          kennysheep_underground_church
Vaults:1: ontoclasm_vaults_eye, ontoclasm_vaults_hangar,
          nicolae_vaults_sightless_eye, nicolae_vaults_windows_and_doors_thing,
          nicolae_vaults_trapezoid_1, layout_vaults_omnigrid
Vaults:2: ontoclasm_vaults_fault, nicolae_vaults_apartment_2, v_rooms_1,
          nicolae_vaults_lopsided_apartments, ontoclasm_vaults_claustrophobia,
          nicolae_vaults_closet_pinwheel_1, v_misc_2, hangedman_vaults_slice,
          v_misc_25, hangedman_vaults_snaps, ontoclasm_vaults_ring_square,
          layout_vaults_maze

Skill      XL: |  1  2  3  4  5  6  7  8  9 10 11 12 13 14 15 16 17 18 19 20 |
---------------+-------------------------------------------------------------+-----
Shields        | 3 4 6 8 9 11 12 | 12.0
Fighting       | 3 4 5 6 7 9 10 11 12 13 14 15 16 17 | 17.2
Dodging        | 1 2 3 4 5 6 7 8 10 11 12 | 12.3
Unarmed Combat | 3 4 5 7 9 11 13 14 16 18 19 20 22 24 25 27 | 27.0
Armour         | |  2.4

Action                     |  1- 3 |  4- 6 |  7- 9 | 10-12 | 13-15 | 16-18 | 19-21 || total
---------------------------+-------+-------+-------+-------+-------+-------+-------++-------
  Melee: Unarmed           |   107 |   200 |   262 |   648 |  1175 |  1321 |   856 ||  4569
         Bite              |    26 |    48 |    91 |   237 |   466 |   499 |   350 ||  1717
  Throw: Stone             |     1 |     4 |       |       |       |       |       ||     5
         Boomerang         |       |       |    11 |     7 |       |    49 |       ||    67
 Invoke: Serpent's Lash    |       |       |       |       |     3 |     1 |       ||     4
         Heavenly Storm    |       |       |       |       |     3 |     6 |     1 ||    10
Ability: Lunge             |       |       |    10 |    57 |    67 |    99 |    69 ||   302
         Whirlwind         |       |       |       |   132 |   451 |   349 |   312 ||  1244
         Wall Jump         |       |       |       |     1 |     1 |       |     1 ||     3
  Evoke: Wand              |       |       |    11 |     6 |     1 |     1 |       ||    19
         Lightning rod     |       |       |       |       |     4 |       |       ||     4
         Condenser vane    |       |       |       |       |     1 |       |       ||     1
    Use: Scroll            |       |     7 |     8 |    10 |     5 |    10 |     3 ||    43
         Potion            |       |       |       |     4 |     2 |     1 |       ||     7
   Stab: Invisible         |       |       |       |     2 |     1 |       |       ||     3
         Sleeping          |       |       |       |     1 |     2 |    10 |    11 ||    24
         Distracted        |       |       |       |       |     1 |     3 |     1 ||     5
 Armour: Scale mail        |    58 |   117 |   129 |    72 |       |       |       ||   376
         Ring mail         |       |       |       |   213 |   286 |   127 |       ||   626
         Swamp dragon scal |       |       |       |       |       |   272 |   193 ||   465
  Dodge: Dodged            |    35 |    68 |   108 |   294 |   534 |   503 |   193 ||  1735
  Block: Buckler           |    26 |    37 |    48 |   132 |   445 |    85 |       ||   773
         Reflection        |       |       |       |       |    30 |    88 |    14 ||   132
         Kite shield       |       |       |       |       |       |   716 |     7 ||   723
         Tower shield      |       |       |       |       |       |       |   682 ||   682

Table legend: (Time is in decaauts)
 A = Elapsed time spent in this place.
 B = Non-inter-level travel time spent in this place.
 C = Inter-level travel time spent in this place.
 D = Time resting spent in this place.
 E = Time spent auto-exploring this place.
 F = Levels seen in this place.
 G = Mean time per level.
                   A        B        C        D        E       F      G
               +--------+--------+--------+--------+--------+-----+--------+
         Total |  33663 |  30896 |   2767 |   1139 |  21806 |  41 |  821.0 |
       Dungeon |  12951 |  11811 |   1140 |    458 |   8712 |  15 |  863.4 |
        Temple |     63 |      2 |     61 |      0 |      0 |   1 |   63.0 |
          Lair |   5458 |   4991 |    467 |    151 |   3514 |   5 | 1091.6 |
         Swamp |   3491 |   3387 |    104 |    223 |   2360 |   4 |  872.8 |
     Snake Pit |   4390 |   4076 |    314 |    132 |   2913 |   4 | 1097.5 |
  Orcish Mines |   1533 |   1127 |    406 |      0 |    912 |   2 |  766.5 |
   Elven Halls |   3177 |   2946 |    231 |    171 |   1902 |   3 | 1059.0 |
        Vaults |   1702 |   1659 |     43 |      0 |   1171 |   2 |  851.0 |
         Abyss |    120 |    120 |      0 |      0 |      0 |   1 |  120.0 |
        Bazaar |     90 |     90 |      0 |      0 |     47 |   1 |   90.0 |
         Sewer |    144 |    144 |      0 |      0 |     62 |   1 |  144.0 |
        Bailey |    294 |    294 |      0 |      0 |    125 |   1 |  294.0 |
      Gauntlet |    243 |    243 |      0 |      3 |     86 |   1 |  243.0 |
               +--------+--------+--------+--------+--------+-----+--------+

Top non-repeatable levels by time:
  Lair:5: 1401 daAuts
  Lair:3: 1340 daAuts
     D:7: 1327 daAuts
 Snake:3: 1313 daAuts
Vaults:1: 1279 daAuts
 Swamp:4: 1192 daAuts
    D:10: 1188 daAuts
  Lair:1: 1171 daAuts
   Elf:1: 1170 daAuts
     D:8: 1115 daAuts
 Snake:4: 1099 daAuts
 Snake:1: 1090 daAuts
   Elf:3: 1082 daAuts
     D:9: 1005 daAuts
   Orc:2: 955 daAuts
